 Dungeon Crawl Stone Soup version 0.27.1-2-g3b301248ec (webtiles) character file.

Game seed: 8020991633404014415

35100 karkarkar the Destroyer (level 13, -3/90 HPs)
             Began as a Red Draconian Conjurer on Oct 4, 2021.
             Was a High Priest of Vehumet.
             Killed from afar by a frost giant (30 damage)
             ... with a bolt of cold
             ... in an ice cave.
             The game lasted 01:45:54 (23471 turns).

karkarkar the Destroyer (Red Draconian Conjurer)   Turns: 23471, Time: 01:45:54

Health: -3/90      AC: 14    Str: 12    XL:     13   Next: 45%
Magic:  18/25      EV: 23    Int: 21    God:    Vehumet [*****.]
Gold:   905        SH:  0    Dex: 17    Spells: 2/28 levels left

rFire    . . .     SeeInvis .   a - +7 shortbow of Nuciosag {freeze, Str-3 Dex+6}
rCold    . . .     Faith    .   (shield currently unavailable)
rNeg     . . .     Spirit   .   (armour unavailable)
rPois    .         Reflect  .   (helmet restricted)
rElec    +         Harm     .   I - +1 cloak
rCorr    .         Rampage  .   E - +0 pair of gloves
Will     .....                  u - +2 pair of boots {Stlth+}
Stlth    ++++......             V - amulet "Vobbeam" {+Inv rElec rF- Regen+ Str+4}
HPRegen  1.25/turn              e - +4 ring of evasion
MPRegen  0.19/turn              x - +4 ring of evasion

@: short of breath, very slightly contaminated, invisible
A: breathe fire, AC +8, unfitting armour, fire resistance 1, cold-blooded
a: Breathe Fire, Renounce Religion, Evoke Invisibility


You were in an ice cave.
You worshipped Vehumet.
Vehumet was extremely pleased with you.
You visited 2 branches of the dungeon, and saw 14 of its levels.
You also visited: Ice Cave.

You collected 905 gold pieces.

Inventory:

Hand Weapons
 a - the +7 shortbow of Nuciosag (weapon) {freeze, Str-3 Dex+6}
   (You found it on level 7 of the Dungeon)

   Any ammunition fired from it freezes those it strikes, dealing additional
   cold damage.
   It can also slow down cold-blooded creatures.
   Str:       It affects your strength (-3).
   Dex:       It affects your dexterity (+6).
Missiles
 f - 43 poisoned darts
 s - 2 throwing nets
 z - 156 arrows (quivered ammo)
 K - 2 curare-tipped darts
 L - 9 atropa-tipped darts
 Q - 2 javelins
Armour
 u - a +2 pair of boots of stealth (worn)
 E - a +0 pair of gloves (worn)
 I - a +1 cloak (worn)
Jewellery
 e - a +4 ring of evasion (left hand)
 i - a ring of flight
 x - a +4 ring of evasion (right hand)
 A - a ring of protection from cold
 M - a ring of ice
 R - a ring of wizardry
 V - the amulet "Vobbeam" (around neck) {+Inv rElec rF- Regen+ Str+4}
   (You took it off a centaur on level 10 of the Dungeon)

   [amulet of regeneration]

   Str:       It affects your strength (+4).
   rF:        It makes you vulnerable to fire.
   rElec:     It insulates you from electricity.
   +Inv:      It lets you turn invisible.
   Regen:     It increases your rate of health regeneration.
Wands
 q - a wand of digging (3)
 t - a wand of charming (5)
 v - a wand of iceblast (4)
 J - a wand of paralysis (7)
 O - a wand of acid (7)
 P - a wand of flame (19)
Scrolls
 b - a scroll of torment
 d - a scroll of fear
 g - 2 scrolls of teleportation
 h - a scroll of holy word
 k - 5 scrolls of noise
 l - 4 scrolls of enchant weapon
 m - 2 scrolls of enchant armour
 o - a scroll of fog
 p - 2 scrolls of blinking
 C - 6 scrolls of amnesia
 G - a scroll of silence
Potions
 c - 2 potions of attraction
 j - 3 potions of mutation
 n - 2 potions of flight
 w - a potion of heal wounds
 y - 14 potions of curing
 B - 2 potions of lignification
 D - a potion of cancellation
 S - a potion of ambrosia
Miscellaneous
 N - a phantom mirror
 T - a tin of tremorstones (inert)
 U - a phial of floods


   Skills:
 - Level 1.2 Fighting
 + Level 4.8 Bows
 + Level 5.4 Dodging
 + Level 5.2 Stealth
 + Level 0.6 Unarmed Combat
 - Level 8.2 Spellcasting
 + Level 11.9 Conjurations
 * Level 8.7 Hexes
 * Level 11.2 Translocations
 * Level 7.6 Fire Magic
 + Level 1.2 Evocations


You had 2 spell levels left.
You knew the following spells:

 Your Spells              Type           Power      Damage    Failure   Level
a - Magic Dart            Conj           100%       1d8       1%          1
b - Searing Ray           Conj           100%       3d7       1%          2
c - Iskenderun's Mystic   Conj/Tloc      55%        2d12      1%          4
d - Gell's Gravitas       Tloc           27%        N/A       1%          3
e - Frozen Ramparts       Ice            16%        1d3       6%          3
f - Fulminant Prism       Conj/Hex       25%        3d14      1%          4
g - Inner Flame           Hex/Fire       43%        N/A       1%          3
h - Starburst             Conj/Fire      24%        6d8       6%          6

Your spell library contained the following spells:

 Spells                   Type           Power      Damage    Failure   Level
 Lee's Rapid Deconstruct  Erth           4%         3d6*      45%         5
 Foxfire                  Conj/Fire      100%       2x1d9     1%          1
 Ensorcelled Hibernation  Hex/Ice        54%        N/A       1%          2
 Freeze                   Ice            32%        1d5       2%          1
 Poisonous Vapours        Pois/Air       16%        N/A       3%          2
 Pain                     Necr           32%        1d5       8%          1
 Conjure Flame            Conj/Fire      49%        6-21      1%          3
 Dazzling Flash           Conj/Hex       100%       N/A       1%          3
 Lesser Beckoning         Tloc           27%        N/A       1%          3
 Teleport Other           Tloc           54%        N/A       1%          3
 Cause Fear               Hex            22%        N/A       1%          4
 Hailstorm                Conj/Ice       33%        3d8       1%          4
 Olgreb's Toxic Radiance  Pois           8%         N/A       21%         4
 Spider Form              Tmut/Pois      4%         N/A       24%         3
 Iron Shot                Conj/Erth      16%        9d4       26%         6
 Agony                    Necr           8%         N/A       91%         5
 Alistair's Intoxication  Tmut/Pois      5%         N/A       91%         5
 Borgnjor's Vile Clutch   Necr/Erth      4%         N/A       91%         5
 Excruciating Wounds      Necr           4%         N/A       91%         5
 Eringya's Noxious Bog    Tmut/Pois      4%         N/A       94%         6
 Ignition                 Fire           20%        3d7       99%         8
 Shadow Creatures         Summ           N/A        N/A       100%        6
 Dragon Form              Tmut           4%         N/A       100%        7
 Ozocubu's Refrigeration  Ice            4%         4d5       100%        7
 Dragon's Call            Summ           4%         N/A       100%        9
 Animate Armour           Summ/Erth      Unusable   N/A       N/A         4

Dungeon Overview and Level Annotations

Branches:
Dungeon (10/15)            Temple (0/1) D:4            Lair (4/6) D:8
 Shoals (0/4) Lair:2       Spider (0/4) Lair:3          Orc (0/2) D:10
  IceCv (1/1)

Altars:
Ashenzari
Fedhas
Kikubaaqudgha
Makhleb
Nemelex Xobeh
Qazlal
Trog
Uskayaw
Vehumet
Wu Jian
Xom
Yredelemnul

Shops:
D:8 [   D:10 [((

Annotations:
D:5 1 runed translucent door, 0gre's ghost, amateur GnCj
D:8 2 runed translucent doors, exclusion: orange crystal statue
D:10 4 exclusions


Innate Abilities, Weirdness & Mutations

You can breathe blasts of fire.
Your fiery red scales are hard. (AC +8)
You cannot fit into any form of body armour.
Your flesh is heat resistant. (rF+)
You are cold-blooded and may be slowed by cold attacks.


Message History

Aim: a wolf (inner flame, 72% to hit)
The searing ray hits the frost giant.
Flame seeps out of the frost giant.
The frost giant is heavily wounded.
The searing ray hits the wolf.
Flame seeps out of the wolf.
The wolf is moderately wounded. (Press . to maintain the ray.)
The wolf is engulfed in blazing flames.
Flame seeps out of the wolf.
The frost giant is engulfed in blazing flames.
Flame seeps out of the frost giant.
The wolf is engulfed in blazing flames.
Flame seeps out of the wolf.
The frost giant is engulfed in blazing flames.
Flame seeps out of the frost giant.
The frost giant points at you and mumbles some strange words.
The bolt of cold hits you!!
* * * LOW HITPOINT WARNING * * *
You fade into invisibility!
The wolf is engulfed in blazing flames.
Vehumet accepts your kill.
The wolf explodes!
Vehumet accepts your kill.
You feel a bit more experienced.
The fiery explosion engulfs the polar bear!!
Flame seeps out of the polar bear.
The polar bear is almost dead.
Vehumet accepts your kill.
You feel your power returning.
You feel a bit more experienced.
You hear an explosion!
The fiery explosion engulfs the polar bear!!!
Vehumet accepts your kill.
You feel your power returning.
The polar bear explodes!
The fiery explosion engulfs the frost giant!
Flame seeps out of the frost giant.
The frost giant is severely wounded.
The frost giant is engulfed in blazing flames.
Flame seeps out of the frost giant.
You are very lightly contaminated with residual magic.
The frost giant casts a spell at you. The bolt of cold hits you!!
You die...

##### ########## #.[.#
#...##.@.#########.⌠.#
#h..##C..##...#..#.....###
#...h
########..#....#####≈ ...Y
#..#####.≈≈#≈#≈ ..h ##..
#..≈#≈≈≈≈# #.
###...##≈≈≈#≈≈ #
#####..##### ....°§ #
☼§§§§..§§ #


You could see a frost giant (inner flame).

Vanquished Creatures
  Harold (Lair:1)
  3 hydras
  A catoblepas (Lair:2)
  An orc knight (D:9)
  3 oklob plants
  A cyclops (D:10)
  An elephant (D:8)
  An ice statue (IceCv)
  A gargoyle (D:10)
  8 cane toads
  A rime drake (Lair:3)
  10 komodo dragons
  A troll (D:10)
  17 polar bears
  4 blink frogs (Lair:4)
  4 wyverns
  63 yaks
  4 basilisks
  4 steam dragons
  15 water moccasins
  2 orc warriors (D:10)
  A sky beast (D:5)
  3 black bears
  2 ogres (D:5)
  An ice beast (D:7)
  3 necrophages
  22 wolves
  5 centaurs
  2 kobold brigands
  A phantom (D:5)
  A cane toad simulacrum (Lair:4)
  13 bullfrogs
  A gnoll sergeant (D:5)
  2 scorpions (D:5)
  A water moccasin zombie (D:5)
  4 killer bees (D:7)
  9 wights (D:8)
  5 howler monkeys
  2 electric eels (Lair:2)
  A crimson imp (D:8)
  3 centaur zombies
  2 bullfrog zombies (D:5)
  2 jellies
  A centaur skeleton (D:7)
  5 hounds
  4 orc priests
  2 bullfrog skeletons
  An iguana (D:5)
  8 orc wizards
  A scorpion zombie (D:5)
  3 polar bear simulacra (Lair:4)
  3 wolf simulacra (Lair:4)
  A hound skeleton (D:4)
  A howler monkey zombie (D:10)
  5 gnolls (D:5)
  9 adders
  2 shadow imps
  3 white imps
  An ufetubus (D:6)
  An adder skeleton (D:4)
  6 worms
  A dart slug (D:3)
  16 orcs
  9 ball pythons
  6 endoplasms
  4 giant cockroaches
  7 goblins
  6 hobgoblins
  15 kobolds
  6 quokkas
  14 bats
  3 frilled lizards
  3 rats
  4 fulminant prisms
383 creatures vanquished.

Vanquished Creatures (collateral kills)
  A great orb of eyes (D:10)
1 creature vanquished.

Vanquished Creatures (others)
  3 death yaks (IceCv)
  2 polar bears (IceCv)
  A wolf (IceCv)
  A bullfrog (Lair:4)
  77 fulminant prisms
  19 fungi
  40 plants
143 creatures vanquished.

Grand Total: 527 creatures vanquished

Notes
Turn   | Place    | Note
-------+----------+-------------------------------------------
     0 | D:1      | karkarkar the Draconian Conjurer began the quest for the
                  | Orb.
     0 | D:1      | Reached XP level 1. HP: 14/14 MP: 3/3
   683 | D:1      | Reached XP level 2. HP: 20/20 MP: 1/5
   940 | D:1      | Found a faded altar of an unknown god.
  1286 | D:2      | Learned a level 2 spell: Searing Ray
  1398 | D:2      | Reached XP level 3. HP: 26/26 MP: 2/6
  1466 | D:2      | Reached skill level 5 in Conjurations
  1924 | D:2      | Found a shimmering altar of Xom.
  2228 | D:2      | Reached XP level 4. HP: 33/33 MP: 2/7
  2786 | D:3      | Found a radiant altar of Vehumet.
  2794 | D:3      | Became a worshipper of Vehumet
  2803 | D:3      | Found a sparkling altar of Nemelex Xobeh.
  3771 | D:4      | Reached XP level 5. HP: 38/38 MP: 4/8
  3808 | D:4      | Reached skill level 1 in Translocations
  4442 | D:4      | Learned a level 4 spell: Iskenderun's Mystic Blast
  4578 | D:4      | Found a staircase to the Ecumenical Temple.
  4826 | D:5      | Entered Level 5 of the Dungeon
  4834 | D:5      | Reached XP level 6. HP: 45/45 MP: 4/10
  5219 | D:5      | Your scales start taking on a fiery red colour.
  5219 | D:5      | Reached XP level 7. HP: 50/50 MP: 4/12
  5219 | D:5      | Gained mutation: Your flesh is heat resistant. (rF+) [Red
                  | Draconian growth]
  5445 | D:5      | Found a runed translucent door.
  5998 | D:5      | Noticed 0gre's ghost (amateur GnCj)
  6064 | D:5      | Reached XP level 8. HP: 57/58 MP: 6/14
  6535 | D:5      | Reached * piety under Vehumet
  6535 | D:5      | Offered knowledge of Freeze by Vehumet.
  6823 | D:5      | Reached skill level 1 in Fighting
  7203 | D:5      | Reached skill level 5 in Translocations
  7208 | D:5      | Reached skill level 5 in Spellcasting
  7279 | D:5      | Found a shimmering altar of Xom.
  8551 | D:6      | Found a basalt altar of Yredelemnul.
  8552 | D:6      | Found an ornate altar of the Wu Jian Council.
  8565 | D:6      | Learned a level 3 spell: Gell's Gravitas
  8566 | D:6      | Found an ancient bone altar of Kikubaaqudgha.
  8691 | D:7      | Reached XP level 9. HP: 64/64 MP: 11/17
  8705 | D:7      | Reached skill level 1 in Hexes
  8840 | D:7      | Identified the +7 shortbow of Nuciosag {freeze, Str-3
                  | Dex+6}
  9674 | D:7      | Reached ** piety under Vehumet
  9677 | D:7      | Offered knowledge of Static Discharge by Vehumet.
  9942 | D:7      | Got the Handbook of Toxic Earth
 10816 | D:8      | Noticed an elephant
 10825 | D:8      | Found a burning altar of Makhleb.
 10919 | D:8      | Killed an elephant
 10920 | D:8      | Reached skill level 1 in Bows
 11147 | D:8      | Offered knowledge of Frozen Ramparts by Vehumet.
 11152 | D:8      | Learned a level 3 spell: Frozen Ramparts
 11183 | D:8      | Reached XP level 10. HP: 71/71 MP: 12/20
 11447 | D:8      | Found a staircase to the Lair.
 11467 | D:8      | Found a runed translucent door.
 11467 | D:8      | Noticed an orange crystal statue
 11469 | D:8      | Found the +10 tower shield of Ignorance {rN+ Int-4}
 11496 | D:8      | Found a runed translucent door.
 11744 | D:8      | Found Wyuti's Armour Emporium.
 11785 | D:8      | Found a broken altar of Ashenzari.
 11803 | D:8      | Learned a level 4 spell: Fulminant Prism
 11870 | D:8      | Reached *** piety under Vehumet
 12419 | D:9      | Found a bloodstained altar of Trog.
 12419 | D:9      | Found a hide-covered altar of Uskayaw.
 12820 | D:10     | Entered Level 10 of the Dungeon
 13078 | D:10     | Noticed a fire dragon
 13120 | D:10     | Noticed a gargoyle
 13136 | D:10     | Killed a gargoyle
 13143 | D:10     | Identified the amulet "Vobbeam" {+Inv rElec rF- Regen+
                  | Str+4}
 13204 | D:10     | Noticed a great orb of eyes
 13212 | D:10     | Paralysed by a great orb of eyes for 7 turns
 13428 | D:10     | Noticed a cyclops
 13483 | D:10     | Found Conuluma's Weapon Shop.
 13525 | D:10     | Offered knowledge of Airstrike by Vehumet.
 13811 | D:10     | Killed a cyclops
 13983 | D:10     | Noticed an orc knight
 14122 | D:9      | Killed an orc knight
 14123 | D:9      | Reached XP level 11. HP: 77/77 MP: 2/23
 14442 | D:10     | Found Aqycau's Armour Shoppe.
 14442 | D:10     | Found a staircase to the Orcish Mines.
 14890 | D:10     | Killed a great orb of eyes
 15028 | D:10     | Found Veyfot's Weapon Shoppe.
 15677 | Lair:1   | Entered Level 1 of the Lair of Beasts
 15866 | Lair:1   | Reached skill level 5 in Stealth
 15899 | Lair:1   | Learned a level 3 spell: Inner Flame
 16085 | Lair:1   | Reached skill level 5 in Hexes
 16126 | Lair:1   | Noticed an oklob plant
 16126 | Lair:1   | Noticed an oklob plant
 16134 | Lair:1   | Reached skill level 1 in Fire Magic
 16143 | Lair:1   | Killed an oklob plant
 16151 | Lair:1   | Reached **** piety under Vehumet
 16154 | Lair:1   | Killed an oklob plant
 16440 | Lair:1   | Noticed a six-headed hydra
 16451 | Lair:1   | Killed a six-headed hydra
 16460 | Lair:1   | Noticed Harold
 16481 | Lair:1   | Killed Harold
 16620 | Lair:1   | Offered knowledge of Yara's Violent Unravelling by Vehumet.
 16890 | Lair:1   | Reached skill level 10 in Conjurations
 17102 | Lair:1   | Reached XP level 12. HP: 84/84 MP: 4/24
 17559 | Lair:2   | Found a stormy altar of Qazlal.
 17575 | Lair:2   | Found a blossoming altar of Fedhas.
 17660 | Lair:2   | Reached skill level 5 in Dodging
 18056 | Lair:2   | Noticed a catoblepas
 18075 | Lair:2   | Killed a catoblepas
 18909 | Lair:2   | Found a staircase to the Shoals.
 18948 | Lair:2   | Noticed a seven-headed hydra
 18957 | Lair:2   | Killed a seven-headed hydra
 19431 | Lair:2   | Reached skill level 5 in Fire Magic
 19889 | Lair:3   | Found a hole to the Spider Nest.
 19976 | Lair:3   | Learned a level 6 spell: Starburst
 20017 | Lair:3   | Reached skill level 10 in Translocations
 20294 | Lair:3   | Noticed an eight-headed hydra
 20307 | Lair:3   | Killed an eight-headed hydra
 20639 | Lair:3   | Reached ***** piety under Vehumet
 20804 | Lair:3   | Offered knowledge of Lee's Rapid Deconstruction by Vehumet.
 21810 | D:10     | Identified the +0 robe "Laibyir" {rPois}
 22033 | Lair:4   | Reached XP level 13. HP: 90/90 MP: 11/25
 22166 | Lair:4   | Found a frozen archway.
 22266 | IceCv    | Entered an ice cave
 23052 | IceCv    | Reached skill level 1 in Evocations
 23457 | IceCv    | Noticed a frost giant
 23471 | IceCv    | Killed from afar by a frost giant

Illustrated notes

Levels and vault maps discovered:
D:1:      noname_arrival_rooms_in_the_neighbourhood, layout_basic,
          hellmonk_ecumenical_altar_zigzags
D:2:      layout_loops_ring, basic_altar
D:3:      layout_basic, mainiacjoe_overflow_big_doors, gup_sewer_entry_bubbles,
          glass_columns_a, chequers_serial_rivers_micro_d, st_stairs_10
D:4:      minmay_spotlight, layout_basic, minmay_temple_entry_statues_fountains
D:5:      layout_basic, tgw_xom, ebering_ghost_reflecting_pool
D:6:      layout_basic, minitemple, kennysheep_generic_room_9
D:7:      layout_loops_ring, enter_bailey_3, grunt_ministairs_15,
          roderic_batcave
D:8:      layout_cave_pods, cheibrodos_ashenzari_chains, makhleb_grotto_becter,
          david_lair_generic, serial_shops, nicolae_shop_statue_plus,
          chequers_guarded_unrand_ignorance
D:9:      layout_small_grid, mainiacjoe_overflow_divided_tiny
D:10:     layout_loops_corners, orc_david_3, serial_shops, nicolae_shop_stone,
          minmay_the_grid_2x2 [minmay_the_grid_empty, minmay_the_grid_gridbox,
          minmay_the_grid_garden, minmay_the_grid_prize_diamond_cup]
Lair:1:   layout_regular_city, minmay_lair_oklob_chamber, lemuel_fruit_tree,
          uniq_harold
Lair:2:   layout_chaotic_city, shoals_dummy_entry, basic_altar,
          lemuel_oklob_altar
Lair:3:   layout_gridlike, dummy_spider_entry, beast_lair_carwin_4
Lair:4:   layout_cave_pods, portal_ice_cave_entry_ice_simulacra,
          lemuel_old_faithful, infiniplex_staircase_pool_2
IceCv:    ice_cave_caverns_03

Skill      XL: |  1  2  3  4  5  6  7  8  9 10 11 12 13 |
---------------+----------------------------------------+-----
Conjurations   | 5 6 7 8 9 10 11 | 11.9
Stealth        | 2 3 4 5 |  5.2
Dodging        | 2 3 4 5 |  5.4
Translocations | 3 4 5 6 7 9 10 11 | 11.2
Spellcasting   | 3 4 5 6 8 |  8.2
Fighting       | 1 |  1.2
Hexes          | 3 4 6 8 |  8.7
Bows           | 2 3 4 |  4.8
Fire Magic     | 3 6 7 |  7.6
Evocations     | 1 |  1.2
Unarmed Combat | |  0.6

Action                   |  1- 3 |  4- 6 |  7- 9 | 10-12 | 13-15 || total
-------------------------+-------+-------+-------+-------+-------++-------
Melee: Unarmed           |     1 |     8 |       |       |       ||     9
       Shortbow          |       |       |     1 |       |       ||     1
 Fire: Shortbow          |       |       |    36 |    21 |       ||    57
Throw: Dart              |     3 |    17 |     7 |     5 |       ||    32
       Throwing net      |       |       |       |     1 |     1 ||     2
 Cast: Magic Dart        |    31 |    20 |    35 |    49 |     1 ||   136
       Searing Ray       |    15 |    41 |    69 |    96 |    25 ||   246
       Iskenderun's Myst |       |       |     9 |    77 |    36 ||   122
       Gell's Gravitas   |       |       |     1 |     2 |     1 ||     4
       Fulminant Prism   |       |       |       |    67 |    14 ||    81
       Frozen Ramparts   |       |       |       |     1 |       ||     1
       Inner Flame       |       |       |       |     9 |     2 ||    11
 Abil: Breathe Fire      |       |       |    23 |    27 |     4 ||    54
Evoke: Wand              |       |       |       |     5 |       ||     5
       Tin of tremorston |       |       |       |       |     2 ||     2
  Use: Scroll            |     1 |     4 |     6 |    17 |     2 ||    30
       Potion            |       |       |       |     3 |     3 ||     6
Armor: Skin              |     2 |    10 |    23 |    26 |    22 ||    83
Dodge: Dodged            |     5 |    59 |    87 |   104 |    79 ||   334
